Rampage vs Bears

Created - Wednesday, February 24, 2016 at 01:14

Goals
1 2 3 T
Rampage 0 0 0 0
Bears 2 0 0 2
Shots
1 2 3 T
Rampage 10 6 6 22
Bears 7 13 4 24

1st period

1. Bears , Steve Bernier 8 (Mike Green, Brooks Laich) at 1:14
2. Bears , Brooks Laich 2 (Steve Bernier, Ben Youds) at 18:29

Penalties :
John Scott (Her) for Fighting (Major) at 0:07, Christian Thomas (SAN) for Fighting (Major) at 0:07, Scott Mayfield (SAN) for Slashing (Minor) at 9:11

2nd period

No Goal

Penalties :
Matt Carkner (Her) for Fighting (Major) at 0:30, Tomas Kundratek (SAN) for Fighting (Major) at 0:30, John Scott (Her) for Tripping (Minor) at 1:13, John Scott (Her) for Elbowing (Minor) at 3:57

3rd period

No Goal

Penalties :
Matthew Corrente (SAN) for Hooking (Minor) at 9:12, Jordan Szwarz (SAN) for Hooking (Minor) at 16:07

Goalie Stats

Viktor Fasth (SAN), 22 saves from 24 shots - (0.917), L, 8-5-7, 60:00 minutes
Matt Murray (Her), 22 saves from 22 shots - (1.000), W, 14-3-7, 60:00 minutes

Players Stats for Rampage

Player Name              G  A  P  +/- PIM S  H  SB GA TA FO     MP     PP MP  PK MP  
------------------------------------------------------------------------------------
Andrew Cherniwchan       0  0  0  -1  0   1  1  0  2  0  0/0    14:36   0:00   0:26 
Benn Ferriero            0  0  0  -1  0   0  4  0  0  0  0/0    17:09   0:00   0:47 
Bryan Rust               0  0  0   0  0   1  5  0  1  1  0/0    20:15   1:58   2:10 
Christian Thomas         0  0  0  -1  5   1  0  0  1  0  0/0    17:46   2:00   1:51 
Connor Brickley          0  0  0  -1  0   2  3  0  2  0  4/5    16:40   0:00   0:00 
Daniel Briere            0  0  0  -1  0   1  1  0  1  0  6/10   17:46   2:00   0:00 
Joel Chouinard           0  0  0  -1  0   1  0  1  0  0  0/0    15:27   0:40   0:41 
Jordan Szwarz            0  0  0   0  2   0  0  0  0  0  0/0     5:23   0:00   0:00 
Keaton Ellerby           0  0  0   0  0   1  0  0  0  0  0/0    25:22   2:08   3:18 
Ladislav Smid            0  0  0   0  0   3  2  1  0  1  0/0    25:32   2:15   2:46 
Liam O'Brien             0  0  0  -1  0   2  4  1  0  1  1/3    19:17   2:00   1:25 
Matthew Corrente         0  0  0  -1  2   1  0  0  0  0  0/0     8:44   0:00   0:00 
Max Friberg              0  0  0   0  0   5  0  1  1  0  5/7    19:13   1:58   3:54 
Robert Hagg              0  0  0   0  0   0  1  0  0  0  0/0     0:47   0:00   0:00 
Scott Mayfield           0  0  0  -1  2   1  2  2  0  0  0/0    23:19   2:53   1:58 
Tanner Richard           0  0  0   0  0   1  1  0  0  0  2/3     9:20   0:00   1:21 
Tomas Kundratek          0  0  0  -1  5   0  0  0  0  0  0/0    21:30   0:00   3:11 
William Nylander         0  0  0   0  0   1  1  0  1  0  5/7    15:52   1:58   0:00 

Players Stats for Bears

Player Name              G  A  P  +/- PIM S  H  SB GA TA FO     MP     PP MP  PK MP  
------------------------------------------------------------------------------------
Andreas Athanasiou       0  0  0   2  0   0  0  0  0  0  0/0    17:03   2:03   0:00 
Ben Youds                0  1  1   0  0   0  0  0  0  0  0/0    18:28   2:52   0:00 
Brooks Laich             1  1  2   2  0   3  1  0  3  1  1/2    15:33   0:53   1:17 
Jeremy Langlois          0  0  0   0  0   3  0  0  0  1  0/0    17:42   2:38   0:46 
John Scott               0  0  0   0  9   1  4  1  1  0  0/0    18:31   1:37   0:00 
Julian Melchiori         0  0  0   0  0   0  0  0  0  0  0/0     0:20   0:00   0:00 
Justin Florek            0  0  0   0  0   0  2  0  0  0  0/1    17:35   2:38   0:46 
Kyle Jean                0  0  0   0  0   3  1  0  0  0  2/2    15:08   0:22   0:00 
Marko Dano               0  0  0   0  0   0  0  1  0  0  4/11   19:30   2:04   1:55 
Matt Carkner             0  0  0   1  5   1  2  1  0  0  0/1    19:58   0:30   0:27 
Maxime Macenauer         0  0  0   0  0   0  0  0  0  0  3/8    14:30   0:22   0:00 
Mike Green               0  1  1   1  0   4  0  1  1  1  0/0    24:28   2:55   1:59 
Nathan McIver            0  0  0   0  0   0  0  0  0  0  0/0     6:36   0:34   1:37 
Nicklas Grossmann        0  0  0   1  0   2  0  1  0  0  0/0    24:35   2:20   2:16 
Robyn Regehr             0  0  0   1  0   1  6  4  0  0  0/0    25:37   2:55   1:42 
Stefan Matteau           0  0  0   0  0   2  1  0  0  0  0/0     1:54   0:24   0:00 
Steve Bernier            1  1  2   2  0   3  1  0  1  0  0/2    20:19   2:00   1:55 
Tyler Brown              0  0  0   0  0   1  0  1  0  0  2/8    18:16   2:38   1:17 

3 Stars

1 - Matt Murray (Her)
2 - Steve Bernier (Her)
3 - Brooks Laich (Her)

Power Play

Rampage - 0 on 2 Attempt(s) - 0.00%
Bears - 0 on 3 Attempt(s) - 0.00%

Penalty Kill

Rampage - 3 on 3 Attempt(s) - 100.00% - Score 0 goal in Penalty Kill
Bears - 2 on 2 Attempt(s) - 100.00% - Score 0 goal in Penalty Kill

Team Stat

Rampage - Hits : 25 - Faceoff Wins : 23 - Blocked Shots : 6 - Penalty Minutes : 16
Bears - Hits : 18 - Faceoff Wins : 12 - Blocked Shots : 10 - Penalty Minutes : 14

Official

Referees : Unknown
Linesman : Unknown

Game Notes

John Scott and Christian Thomas fight to a draw at 0:07 of 1st period
Tomas Kundratek beats up Matt Carkner at 0:30 of 2nd period

Finance

Level 1 -- Attendance: 1554 (77.70%) -- Ticket Income $54,390
Level 2 -- Attendance: 818 (81.80%) -- Ticket Income $12,270
Total Attendance: 2372 (79.07%)
Total Ticket Income: $66,660
Other Income: $32,663
Total Income: $99,323

Rampage

5 vs 5 Forward 
   Center                   Left Wing                Right Wing               Time % Phy DF OF 
 1 Daniel Briere            Liam O'Brien             Christian Thomas         35     1   2  2  
 2 William Nylander         Bryan Rust               Max Friberg              30     1   2  2  
 3 Connor Brickley          Andrew Cherniwchan       Benn Ferriero            22     1   2  2  
 4 Tanner Richard           Christian Thomas         Bryan Rust               13     1   2  2  

5 vs 5 Defense 
   Defense                  Defense                                           Time % Phy DF OF 
 1 Ladislav Smid            Keaton Ellerby                                    35     1   2  2  
 2 Scott Mayfield           Tomas Kundratek                                   30     1   2  2  
 3 Ladislav Smid            Keaton Ellerby                                    22     1   2  2  
 4 Ladislav Smid            Keaton Ellerby                                    13     1   2  2  

PowerPlay Forward 
   Center                   Left Wing                Right Wing               Time % Phy DF OF 
 1 Daniel Briere            Liam O'Brien             Christian Thomas         60     1   2  2  
 2 William Nylander         Bryan Rust               Max Friberg              40     1   2  2  

PowerPlay Defense
   Defense                  Defense                                           Time % Phy DF OF 
 1 Ladislav Smid            Keaton Ellerby                                    60     1   2  2  
 2 Scott Mayfield           Tomas Kundratek                                   40     1   2  2  

Penalty Kill 4 Players Forward 
   Center                   Wing                     Time % Phy DF OF 
 1 Max Friberg              Christian Thomas         60     1   2  2  
 2 Liam O'Brien             Bryan Rust               40     1   2  2  

Penalty Kill 4 Players Defense
   Defense                  Defense                  Time % Phy DF OF 
 1 Ladislav Smid            Keaton Ellerby           60     1   2  2  
 2 Scott Mayfield           Tomas Kundratek          40     1   2  2  

Penalty Kill - 3 Players Forward 
   Forward                                           Time % Phy DF OF 
 1 Liam O'Brien                                      60     1   2  2  
 2 Christian Thomas                                  40     1   2  2  

Penalty Kill - 3 Players Defense
   Defense                  Defense                  Time % Phy DF OF 
 1 Ladislav Smid            Keaton Ellerby           60     1   2  2  
 2 Scott Mayfield           Tomas Kundratek          40     1   2  2  

4 vs 4 Forward 
   Center                   Wing                     Time % Phy DF OF 
 1 Connor Brickley          Christian Thomas         60     1   2  2  
 2 Liam O'Brien             Bryan Rust               40     1   2  2  

4 vs 4 Defense
   Defense                  Defense                  Time % Phy DF OF 
 1 Ladislav Smid            Keaton Ellerby           60     1   2  2  
 2 Scott Mayfield           Tomas Kundratek          40     1   2  2  

Last Minutes Offensive
   Center                   Left Wing                Right Wing               Defense                  Defense                  
   Daniel Briere            Liam O'Brien             Christian Thomas         Ladislav Smid            Keaton Ellerby           

Last Minutes Defensive
   Center                   Left Wing                Right Wing               Defense                  Defense                  
   Daniel Briere            Liam O'Brien             Christian Thomas         Ladislav Smid            Keaton Ellerby           

Goaltenders
Starting : Viktor Fasth             
Backup : FARM GOALIE5             

Extra Forwards
Normal : Christian Thomas, Connor Brickley, Benn Ferriero - PP : Christian Thomas, Connor Brickley - PK : Benn Ferriero
Extra Defensemen
Normal : Ladislav Smid, Keaton Ellerby, Scott Mayfield - PP : Ladislav Smid - PK : Keaton Ellerby, Scott Mayfield
Penalty Shots
Benn Ferriero, Christian Thomas, Liam O'Brien, Bryan Rust, Max Friberg

Bears

5 vs 5 Forward 
   Center                   Left Wing                Right Wing               Time % Phy DF OF 
 1 Marko Dano               John Scott               Steve Bernier            35     1   2  2  
 2 Tyler Brown              Justin Florek            Jeremy Langlois          30     1   2  2  
 3 Brooks Laich             Andreas Athanasiou       Steve Bernier            22     1   2  2  
 4 Maxime Macenauer         Kyle Jean                John Scott               13     1   2  2  

5 vs 5 Defense 
   Defense                  Defense                                           Time % Phy DF OF 
 1 Robyn Regehr             Mike Green                                        35     1   2  2  
 2 Nicklas Grossmann        Matt Carkner                                      30     1   2  2  
 3 Ben Youds                Robyn Regehr                                      22     1   2  2  
 4 Mike Green               Nicklas Grossmann                                 13     1   2  2  

PowerPlay Forward 
   Center                   Left Wing                Right Wing               Time % Phy DF OF 
 1 Marko Dano               John Scott               Steve Bernier            60     1   2  2  
 2 Tyler Brown              Justin Florek            Jeremy Langlois          40     1   2  2  

PowerPlay Defense
   Defense                  Defense                                           Time % Phy DF OF 
 1 Robyn Regehr             Mike Green                                        60     1   2  2  
 2 Nicklas Grossmann        Ben Youds                                         40     1   2  2  

Penalty Kill 4 Players Forward 
   Center                   Wing                     Time % Phy DF OF 
 1 Steve Bernier            Marko Dano               60     1   2  2  
 2 Justin Florek            Jeremy Langlois          40     1   2  2  

Penalty Kill 4 Players Defense
   Defense                  Defense                  Time % Phy DF OF 
 1 Robyn Regehr             Mike Green               60     1   2  2  
 2 Nicklas Grossmann        John Scott               40     1   2  2  

Penalty Kill - 3 Players Forward 
   Forward                                           Time % Phy DF OF 
 1 Steve Bernier                                     60     1   2  2  
 2 Marko Dano                                        40     1   2  2  

Penalty Kill - 3 Players Defense
   Defense                  Defense                  Time % Phy DF OF 
 1 Robyn Regehr             Mike Green               60     1   2  2  
 2 Nicklas Grossmann        John Scott               40     1   2  2  

4 vs 4 Forward 
   Center                   Wing                     Time % Phy DF OF 
 1 Steve Bernier            Marko Dano               60     1   2  2  
 2 Justin Florek            Jeremy Langlois          40     1   2  2  

4 vs 4 Defense
   Defense                  Defense                  Time % Phy DF OF 
 1 Robyn Regehr             Mike Green               60     1   2  2  
 2 Nicklas Grossmann        John Scott               40     1   2  2  

Last Minutes Offensive
   Center                   Left Wing                Right Wing               Defense                  Defense                  
   Marko Dano               John Scott               Steve Bernier            Robyn Regehr             Mike Green               

Last Minutes Defensive
   Center                   Left Wing                Right Wing               Defense                  Defense                  
   Marko Dano               John Scott               Steve Bernier            Robyn Regehr             Mike Green               

Goaltenders
Starting : Matt Murray              
Backup : John Gibson              

Extra Forwards
Normal : John Scott, Andreas Athanasiou, Steve Bernier - PP : John Scott, Andreas Athanasiou - PK : John Scott
Extra Defensemen
Normal : Ben Youds, Robyn Regehr, John Scott - PP : Ben Youds - PK : Mike Green, John Scott
Penalty Shots
Steve Bernier, John Scott, Marko Dano, Justin Florek, Jeremy Langlois

% Time on Ice - Rampage

Lines # - Real PCT - Wanted PCT - Time Play
Normal Forward
1 - 31% - 35% - 15:18
2 - 26% - 30% - 12:52
3 - 29% - 22% - 14:27
4 - 15% - 13% - 7:28
Normal Defense
1 - 35% - 35% - 17:45
2 - 39% - 30% - 19:39
3 - 17% - 22% - 8:36
4 - 8% - 13% - 4:05
PP Forward
1 - 50% - 60% - 2:00
2 - 50% - 40% - 1:58
PP Defense
1 - 27% - 60% - 1:05
2 - 73% - 40% - 2:53
PK Forward
1 - 95% - 60% - 5:39
2 - 5% - 40% - 0:18
PK Defense
1 - 46% - 60% - 2:46
2 - 54% - 40% - 3:11
PK3 Forward
1 - 0% - 60%
2 - 0% - 40%
PK3 Defense
1 - 0% - 60%
2 - 0% - 40%
44 Forward
1 - 0% - 60%
2 - 0% - 40%
44 Defense
1 - 0% - 60%
2 - 0% - 40%
Last Minute Offensive  - 0:00
Last Minute Defensive  - 0:00
Total
Forward - 60:00
Defense - 60:00

% Time on Ice - Bears

Lines # - Real PCT - Wanted PCT - Time Play
Normal Forward
1 - 26% - 35% - 13:02
2 - 30% - 30% - 14:51
3 - 18% - 22% - 8:50
4 - 27% - 13% - 13:22
Normal Defense
1 - 29% - 35% - 14:29
2 - 32% - 30% - 16:01
3 - 28% - 22% - 14:03
4 - 11% - 13% - 5:32
PP Forward
1 - 54% - 60% - 3:11
2 - 46% - 40% - 2:46
PP Defense
1 - 49% - 60% - 2:55
2 - 51% - 40% - 3:02
PK Forward
1 - 81% - 60% - 3:12
2 - 19% - 40% - 0:46
PK Defense
1 - 43% - 60% - 1:42
2 - 57% - 40% - 2:16
PK3 Forward
1 - 0% - 60%
2 - 0% - 40%
PK3 Defense
1 - 0% - 60%
2 - 0% - 40%
44 Forward
1 - 0% - 60%
2 - 0% - 40%
44 Defense
1 - 0% - 60%
2 - 0% - 40%
Last Minute Offensive  - 0:00
Last Minute Defensive  - 0:00
Total
Forward - 60:00
Defense - 60:00

Play by Play

1st period


0:01 of 1st period - Marko Dano wins face-off versus Daniel Briere in neutral zone.
0:07 of 1st period - John Scott and Christian Thomas fight to a draw.
0:07 of 1st period - Penalty to John Scott for Fighting.
0:07 of 1st period - Penalty to Christian Thomas for Fighting.
0:08 of 1st period - William Nylander wins face-off versus Justin Florek in Rampage zone.
0:19 of 1st period - Slapshot by William Nylander.
0:19 of 1st period - Shot Misses the Net.
0:21 of 1st period - Wrist shot by Max Friberg.
0:21 of 1st period - Shot Misses the Net.
0:23 of 1st period - Snap shot by Bryan Rust.
0:23 of 1st period - Shot Misses the Net.
0:25 of 1st period - Wrist shot by Max Friberg.
0:25 of 1st period - Stopped by Matt Murray without a rebound.
0:26 of 1st period - Tyler Brown wins face-off versus William Nylander in Bears zone.
1:14 of 1st period - Snap shot by Steve Bernier.
1:14 of 1st period - Goal by Steve Bernier - Rampage : 0 - Bears : 1.
1:15 of 1st period - Marko Dano wins face-off versus Daniel Briere in neutral zone.
1:44 of 1st period - Slapshot by Liam O'Brien.
1:44 of 1st period - Shot Blocked by Robyn Regehr.
1:46 of 1st period - Slapshot by Keaton Ellerby.
1:46 of 1st period - Stopped by Matt Murray without a rebound.
1:47 of 1st period - Connor Brickley wins face-off versus Maxime Macenauer in Bears zone.
1:54 of 1st period - Snap shot by Bryan Rust.
1:54 of 1st period - Shot Misses the Net.
1:56 of 1st period - Snap shot by Tanner Richard.
1:56 of 1st period - Shot Misses the Net.
1:58 of 1st period - Slapshot by Keaton Ellerby.
1:58 of 1st period - Deflect By Bryan Rust.
1:58 of 1st period - Shot Misses the Net.
1:58 of 1st period - Puck is out of play.
1:59 of 1st period - Maxime Macenauer wins face-off versus Tanner Richard in Bears zone.
2:50 of 1st period - Slapshot by Daniel Briere.
2:50 of 1st period - Shot Blocked by Mike Green.
2:52 of 1st period - Slapshot by Scott Mayfield.
2:52 of 1st period - Stopped by Matt Murray without a rebound.
2:53 of 1st period - William Nylander wins face-off versus Tyler Brown in Bears zone.
3:04 of 1st period - Wrist shot by Bryan Rust.
3:04 of 1st period - Stopped by Matt Murray with a rebound.
3:06 of 1st period - Slapshot by Ladislav Smid.
3:06 of 1st period - Stopped by Matt Murray with a rebound.
3:08 of 1st period - Slapshot by Ladislav Smid.
3:08 of 1st period - Shot Blocked by Robyn Regehr.
3:10 of 1st period - Slapshot by Ladislav Smid.
3:10 of 1st period - Stopped by Matt Murray with a rebound.
3:12 of 1st period - Snap shot by William Nylander.
3:12 of 1st period - Shot Blocked by Robyn Regehr.
3:14 of 1st period - Wrist shot by Max Friberg.
3:14 of 1st period - Deflect By Jeremy Langlois.
3:14 of 1st period - Stopped by Matt Murray without a rebound.
3:15 of 1st period - Daniel Briere wins face-off versus Marko Dano in Bears zone.
3:44 of 1st period - Robyn Regehr is hit by Connor Brickley and loses puck.
5:20 of 1st period - Slapshot by Jeremy Langlois.
5:20 of 1st period - Stopped by Viktor Fasth without a rebound.
5:21 of 1st period - William Nylander wins face-off versus Maxime Macenauer in Rampage zone.
5:21 of 1st period - William Nylander is hit by John Scott.
5:47 of 1st period - Wrist shot by John Scott.
5:47 of 1st period - Stopped by Viktor Fasth with a rebound.
6:22 of 1st period - Connor Brickley is hit by Justin Florek and loses puck.
6:47 of 1st period - Robyn Regehr is hit by Liam O'Brien.
7:11 of 1st period - Wrist shot by Jeremy Langlois.
7:11 of 1st period - Shot Misses the Net.
7:13 of 1st period - Slapshot by Nicklas Grossmann.
7:13 of 1st period - Shot Hit the Post.
7:15 of 1st period - Snap shot by Jeremy Langlois.
7:15 of 1st period - Shot Misses the Net.
7:41 of 1st period - Mike Green is hit by Ladislav Smid and loses puck.
8:11 of 1st period - Snap shot by Connor Brickley.
8:11 of 1st period - Shot Blocked by Matt Carkner.
8:53 of 1st period - Christian Thomas is hit by John Scott.
9:11 of 1st period - Minor Penalty to Scott Mayfield for Slashing.
9:12 of 1st period - Max Friberg wins face-off versus Marko Dano in Rampage zone.
10:10 of 1st period - Ladislav Smid is hit by Robyn Regehr and loses puck.
10:23 of 1st period - Slapshot by Nicklas Grossmann.
10:23 of 1st period - Deflect By Tyler Brown.
10:23 of 1st period - Shot Blocked by Max Friberg.
10:23 of 1st period - Puck is out of play.
10:24 of 1st period - Max Friberg wins face-off versus Tyler Brown in Rampage zone.
10:59 of 1st period - Slapshot by Nicklas Grossmann.
10:59 of 1st period - Stopped by Viktor Fasth with a rebound.
11:01 of 1st period - Slapshot by Tyler Brown.
11:01 of 1st period - Stopped by Viktor Fasth without a rebound.
11:02 of 1st period - Tyler Brown wins face-off versus Liam O'Brien in Rampage zone.
11:11 of 1st period - Penalty to Scott Mayfield is over, Scott Mayfield is back on ice.
11:35 of 1st period - Nicklas Grossmann is hit by Benn Ferriero and loses puck.
11:42 of 1st period - Matt Carkner is hit by Benn Ferriero and loses puck.
12:05 of 1st period - Ladislav Smid is hit by Brooks Laich and loses puck.
12:30 of 1st period - Liam O'Brien is hit by Robyn Regehr.
12:34 of 1st period - Liam O'Brien is hit by Robyn Regehr and loses puck.
14:26 of 1st period - Wrist shot by Connor Brickley.
14:26 of 1st period - Stopped by Matt Murray without a rebound.
14:27 of 1st period - Connor Brickley wins face-off versus Tyler Brown in Bears zone.
14:34 of 1st period - Slapshot by Mike Green.
14:34 of 1st period - Stopped by Viktor Fasth with a rebound.
15:33 of 1st period - Marko Dano is hit by Liam O'Brien.
15:37 of 1st period - Marko Dano is hit by Tanner Richard and loses puck.
15:42 of 1st period - Snap shot by Liam O'Brien.
15:42 of 1st period - Shot Misses the Net.
15:44 of 1st period - Slapshot by Joel Chouinard.
15:44 of 1st period - Stopped by Matt Murray without a rebound.
15:45 of 1st period - Tanner Richard wins face-off versus Maxime Macenauer in Bears zone.
16:09 of 1st period - Nicklas Grossmann is hit by Bryan Rust and loses puck.
16:28 of 1st period - Wrist shot by Connor Brickley.
16:28 of 1st period - Stopped by Matt Murray without a rebound.
16:29 of 1st period - Connor Brickley wins face-off versus Marko Dano in Bears zone.
16:39 of 1st period - Off-side.
16:40 of 1st period - Daniel Briere wins face-off versus Marko Dano in neutral zone.
18:00 of 1st period - Daniel Briere is hit by Kyle Jean and loses puck.
18:17 of 1st period - Wrist shot by Brooks Laich.
18:17 of 1st period - Shot Misses the Net.
18:19 of 1st period - Slapshot by Robyn Regehr.
18:19 of 1st period - Shot Misses the Net.
18:21 of 1st period - Wrist shot by Brooks Laich.
18:21 of 1st period - Shot Blocked by Liam O'Brien.
18:29 of 1st period - Snap shot by Brooks Laich.
18:29 of 1st period - Goal by Brooks Laich - Rampage : 0 - Bears : 2.
18:30 of 1st period - Max Friberg wins face-off versus Maxime Macenauer in neutral zone.
18:59 of 1st period - Robyn Regehr is hit by Ladislav Smid and loses puck.
19:58 of 1st period - Slapshot by Nicklas Grossmann.
19:58 of 1st period - Deflect By John Scott.
19:58 of 1st period - Shot Blocked by Scott Mayfield.
19:58 of 1st period - Puck is out of play.
19:59 of 1st period - Maxime Macenauer wins face-off versus Max Friberg in Rampage zone.
Goals for this period are 0 for Rampage vs 2 for Bears.
Shots for this period are 10 for Rampage vs 7 for Bears.

2nd period


0:01 of 2nd period - Daniel Briere wins face-off versus Marko Dano in neutral zone.
0:27 of 2nd period - Snap shot by Liam O'Brien.
0:27 of 2nd period - Stopped by Matt Murray with a rebound.
0:29 of 2nd period - Snap shot by Liam O'Brien.
0:29 of 2nd period - Stopped by Matt Murray without a rebound.
0:30 of 2nd period - William Nylander wins face-off versus Tyler Brown in Bears zone.
0:30 of 2nd period - Tomas Kundratek beats up Matt Carkner.
0:30 of 2nd period - Penalty to Matt Carkner for Fighting.
0:30 of 2nd period - Penalty to Tomas Kundratek for Fighting.
0:31 of 2nd period - Marko Dano wins face-off versus William Nylander in Bears zone.
0:38 of 2nd period - Backhand shot by Mike Green.
0:38 of 2nd period - Stopped by Viktor Fasth with a rebound.
0:48 of 2nd period - Snap shot by Max Friberg.
0:48 of 2nd period - Stopped by Matt Murray with a rebound.
0:56 of 2nd period - Wrist shot by Bryan Rust.
0:56 of 2nd period - Shot Misses the Net.
0:58 of 2nd period - Snap shot by Ladislav Smid.
0:58 of 2nd period - Deflect By Max Friberg.
0:58 of 2nd period - Stopped by Matt Murray with a rebound.
1:00 of 2nd period - Slapshot by Ladislav Smid.
1:00 of 2nd period - Deflect By Mike Green.
1:00 of 2nd period - Stopped by Matt Murray with a rebound.
1:02 of 2nd period - Wrist shot by Max Friberg.
1:02 of 2nd period - Shot Misses the Net.
1:13 of 2nd period - Minor Penalty to John Scott for Tripping.
1:14 of 2nd period - Daniel Briere wins face-off versus Steve Bernier in Bears zone.
1:59 of 2nd period - Marko Dano is hit by Bryan Rust and loses puck.
3:13 of 2nd period - Penalty to John Scott is over, John Scott is back on ice.
3:57 of 2nd period - Minor Penalty to John Scott for Elbowing.
3:58 of 2nd period - William Nylander wins face-off versus Steve Bernier in Bears zone.
4:57 of 2nd period - Slapshot by Nicklas Grossmann.
4:57 of 2nd period - Shot Misses the Net.
4:59 of 2nd period - Slapshot by Nicklas Grossmann.
4:59 of 2nd period - Shot Misses the Net.
5:05 of 2nd period - Wrist shot by Jeremy Langlois.
5:05 of 2nd period - Shot Misses the Net.
5:30 of 2nd period - Penalty to Matt Carkner is over, Matt Carkner is back on ice.
5:57 of 2nd period - Penalty to John Scott is over, John Scott is back on ice.
6:05 of 2nd period - Robyn Regehr is hit by Bryan Rust and loses puck.
6:20 of 2nd period - Snap shot by Andrew Cherniwchan.
6:20 of 2nd period - Shot Blocked by John Scott.
7:57 of 2nd period - Icing by Matt Carkner.
7:58 of 2nd period - Brooks Laich wins face-off versus Daniel Briere in Bears zone.
7:58 of 2nd period - Brooks Laich is hit by Liam O'Brien.
8:22 of 2nd period - Slapshot by Mike Green.
8:22 of 2nd period - Stopped by Viktor Fasth with a rebound.
8:27 of 2nd period - Slapshot by Robyn Regehr.
8:27 of 2nd period - Stopped by Viktor Fasth with a rebound.
8:29 of 2nd period - Snap shot by Maxime Macenauer.
8:29 of 2nd period - Shot Misses the Net.
8:31 of 2nd period - Slapshot by Robyn Regehr.
8:31 of 2nd period - Shot Blocked by Ladislav Smid.
10:08 of 2nd period - Brooks Laich is hit by Scott Mayfield and loses puck.
10:51 of 2nd period - Wrist shot by Mike Green.
10:51 of 2nd period - Deflect By Brooks Laich.
10:51 of 2nd period - Shot Misses the Net.
10:51 of 2nd period - Puck is out of play.
10:52 of 2nd period - Maxime Macenauer wins face-off versus Connor Brickley in Rampage zone.
10:53 of 2nd period - Slapshot by Mike Green.
10:53 of 2nd period - Stopped by Viktor Fasth with a rebound.
11:23 of 2nd period - Snap shot by Justin Florek.
11:23 of 2nd period - Shot Hit the Post.
11:50 of 2nd period - Snap shot by Christian Thomas.
11:50 of 2nd period - Shot Blocked by Marko Dano.
12:24 of 2nd period - Andreas Athanasiou is hit by Daniel Briere and loses puck.
12:37 of 2nd period - Christian Thomas is hit by Justin Florek and loses puck.
13:15 of 2nd period - Nicklas Grossmann is hit by Connor Brickley.
14:40 of 2nd period - Tomas Kundratek is hit by Steve Bernier and loses puck.
14:45 of 2nd period - Wrist shot by Steve Bernier.
14:45 of 2nd period - Shot Misses the Net.
14:47 of 2nd period - Snap shot by Kyle Jean.
14:47 of 2nd period - Stopped by Viktor Fasth with a rebound.
14:49 of 2nd period - Slapshot by Matt Carkner.
14:49 of 2nd period - Deflect By William Nylander.
14:49 of 2nd period - Stopped by Viktor Fasth with a rebound.
14:51 of 2nd period - Wrist shot by Kyle Jean.
14:51 of 2nd period - Stopped by Viktor Fasth with a rebound.
14:53 of 2nd period - Slapshot by Nicklas Grossmann.
14:53 of 2nd period - Stopped by Viktor Fasth with a rebound.
15:25 of 2nd period - Wrist shot by Christian Thomas.
15:25 of 2nd period - Stopped by Matt Murray with a rebound.
15:35 of 2nd period - Wrist shot by Brooks Laich.
15:35 of 2nd period - Stopped by Viktor Fasth without a rebound.
15:36 of 2nd period - Daniel Briere wins face-off versus Maxime Macenauer in Rampage zone.
16:03 of 2nd period - Robyn Regehr is hit by Bryan Rust and loses puck.
16:12 of 2nd period - Snap shot by Bryan Rust.
16:12 of 2nd period - Shot Misses the Net.
16:24 of 2nd period - Snap shot by Ladislav Smid.
16:24 of 2nd period - Shot Misses the Net.
16:26 of 2nd period - Slapshot by Ladislav Smid.
16:26 of 2nd period - Shot Blocked by Robyn Regehr.
16:32 of 2nd period - Tanner Richard is hit by Robyn Regehr and loses puck.
17:23 of 2nd period - Wrist shot by Brooks Laich.
17:23 of 2nd period - Shot Misses the Net.
18:47 of 2nd period - Snap shot by Jeremy Langlois.
18:47 of 2nd period - Shot Misses the Net.
18:49 of 2nd period - Slapshot by Kyle Jean.
18:49 of 2nd period - Stopped by Viktor Fasth with a rebound.
18:51 of 2nd period - Snap shot by Jeremy Langlois.
18:51 of 2nd period - Shot Misses the Net.
18:53 of 2nd period - Snap shot by Jeremy Langlois.
18:53 of 2nd period - Deflect By Stefan Matteau.
18:53 of 2nd period - Stopped by Viktor Fasth without a rebound.
18:54 of 2nd period - Kyle Jean wins face-off versus Liam O'Brien in Rampage zone.
18:55 of 2nd period - Wrist shot by Jeremy Langlois.
18:55 of 2nd period - Stopped by Viktor Fasth without a rebound.
18:56 of 2nd period - Kyle Jean wins face-off versus Daniel Briere in Rampage zone.
18:57 of 2nd period - Snap shot by Jeremy Langlois.
18:57 of 2nd period - Stopped by Viktor Fasth with a rebound.
19:57 of 2nd period - Ladislav Smid is hit by Matt Carkner.
Goals for this period are 0 for Rampage vs 0 for Bears.
Shots for this period are 6 for Rampage vs 13 for Bears.

3rd period


0:01 of 3rd period - Daniel Briere wins face-off versus Marko Dano in neutral zone.
0:18 of 3rd period - Wrist shot by Daniel Briere.
0:18 of 3rd period - Stopped by Matt Murray without a rebound.
0:19 of 3rd period - Liam O'Brien wins face-off versus Marko Dano in Bears zone.
0:26 of 3rd period - Steve Bernier is hit by Liam O'Brien and loses puck.
1:43 of 3rd period - Max Friberg is hit by Matt Carkner and loses puck.
1:54 of 3rd period - Jeremy Langlois is hit by Scott Mayfield and loses puck.
2:12 of 3rd period - Wrist shot by Connor Brickley.
2:12 of 3rd period - Deflect By Benn Ferriero.
2:12 of 3rd period - Shot Blocked by Tyler Brown.
2:12 of 3rd period - Puck is out of play.
2:13 of 3rd period - Connor Brickley wins face-off versus Brooks Laich in Bears zone.
2:14 of 3rd period - Wrist shot by Andrew Cherniwchan.
2:14 of 3rd period - Shot Misses the Net.
2:44 of 3rd period - Robyn Regehr is hit by Benn Ferriero and loses puck.
3:43 of 3rd period - Snap shot by Brooks Laich.
3:43 of 3rd period - Stopped by Viktor Fasth with a rebound.
3:58 of 3rd period - Daniel Briere is hit by Robyn Regehr.
5:12 of 3rd period - Slapshot by Mike Green.
5:12 of 3rd period - Shot Blocked by Scott Mayfield.
5:32 of 3rd period - Wrist shot by William Nylander.
5:32 of 3rd period - Stopped by Matt Murray with a rebound.
5:34 of 3rd period - Backhand shot by Keaton Ellerby.
5:34 of 3rd period - Shot Misses the Net.
5:36 of 3rd period - Slapshot by Ladislav Smid.
5:36 of 3rd period - Shot Misses the Net.
6:00 of 3rd period - Steve Bernier is hit by Benn Ferriero and loses puck.
6:14 of 3rd period - Robyn Regehr is hit by Andrew Cherniwchan and loses puck.
8:48 of 3rd period - Kyle Jean is hit by Bryan Rust and loses puck.
9:06 of 3rd period - Robyn Regehr is hit by Robert Hagg and loses puck.
9:12 of 3rd period - Minor Penalty to Matthew Corrente for Hooking.
9:13 of 3rd period - Max Friberg wins face-off versus Tyler Brown in Rampage zone.
9:17 of 3rd period - Slapshot by Max Friberg.
9:17 of 3rd period - Stopped by Matt Murray with a rebound.
9:43 of 3rd period - Wrist shot by Brooks Laich.
9:43 of 3rd period - Shot Misses the Net.
9:51 of 3rd period - Snap shot by Steve Bernier.
9:51 of 3rd period - Stopped by Viktor Fasth without a rebound.
9:52 of 3rd period - Marko Dano wins face-off versus Max Friberg in Rampage zone.
9:53 of 3rd period - Slapshot by Steve Bernier.
9:53 of 3rd period - Shot Misses the Net.
11:12 of 3rd period - Penalty to Matthew Corrente is over, Matthew Corrente is back on ice.
11:25 of 3rd period - Ladislav Smid is hit by Robyn Regehr and loses puck.
12:38 of 3rd period - Slapshot by Connor Brickley.
12:38 of 3rd period - Shot Misses the Net.
12:54 of 3rd period - Matt Carkner is hit by William Nylander and loses puck.
13:17 of 3rd period - Wrist shot by Andrew Cherniwchan.
13:17 of 3rd period - Stopped by Matt Murray with a rebound.
13:19 of 3rd period - Slapshot by Matthew Corrente.
13:19 of 3rd period - Stopped by Matt Murray with a rebound.
14:02 of 3rd period - Wrist shot by Liam O'Brien.
14:02 of 3rd period - Deflect By Tanner Richard.
14:02 of 3rd period - Stopped by Matt Murray with a rebound.
14:04 of 3rd period - Slapshot by Tanner Richard.
14:04 of 3rd period - Shot Misses the Net.
14:06 of 3rd period - Slapshot by Liam O'Brien.
14:06 of 3rd period - Shot Blocked by Nicklas Grossmann.
14:08 of 3rd period - Slapshot by Liam O'Brien.
14:08 of 3rd period - Shot Misses the Net.
14:53 of 3rd period - Snap shot by Steve Bernier.
14:53 of 3rd period - Stopped by Viktor Fasth with a rebound.
14:55 of 3rd period - Wrist shot by Steve Bernier.
14:55 of 3rd period - Shot Blocked by Joel Chouinard.
14:57 of 3rd period - Slapshot by Mike Green.
14:57 of 3rd period - Shot Misses the Net.
16:07 of 3rd period - Minor Penalty to Jordan Szwarz for Hooking.
16:08 of 3rd period - Max Friberg wins face-off versus Tyler Brown in Rampage zone.
17:00 of 3rd period - Keaton Ellerby is hit by John Scott.
17:34 of 3rd period - Scott Mayfield is hit by John Scott and loses puck.
18:07 of 3rd period - Penalty to Jordan Szwarz is over, Jordan Szwarz is back on ice.
18:22 of 3rd period - Tomas Kundratek is hit by Stefan Matteau and loses puck.
19:07 of 3rd period - Mike Green is hit by Connor Brickley and loses puck.
19:54 of 3rd period - Snap shot by Stefan Matteau.
19:54 of 3rd period - Shot Misses the Net.
19:56 of 3rd period - Snap shot by Stefan Matteau.
19:56 of 3rd period - Stopped by Viktor Fasth without a rebound.
19:57 of 3rd period - Tanner Richard wins face-off versus Matt Carkner in Rampage zone.
Goals for this period are 0 for Rampage vs 0 for Bears.
Shots for this period are 6 for Rampage vs 4 for Bears.